 Dungeon Crawl Stone Soup version 0.28-b1-25-g9875b3fc8c (webtiles) character file.

Game seed: 7954778276664722483

245 theElss the Cudgeller (level 6, -16/39 HPs)
             Began as a Gargoyle Berserker on Feb 3, 2022.
             Was a Believer of Trog.
             Killed from afar by Dowan (32 damage)
             ... with a shard of ice
             ... on level 4 of the Dungeon.
             The game lasted 00:08:03 (3280 turns).

theElss the Cudgeller (Gargoyle Berserker)          Turns: 3280, Time: 00:08:05

Health: -16/39     AC: 11    Str: 20    XL:     6   Next: 10%
Magic:  6/6        EV:  9    Int:  8    God:    Trog [**....]
Gold:   141        SH:  6    Dex: 11    Spells: 5/5 levels left

rFire   . . .      SeeInvis .   a - +0 mace
rCold   . . .      Faith    .   p - +0 kite shield
rNeg    + . .      Spirit   .   f - +0 ring mail
rPois   ∞          Reflect  .   l - +0 helmet
rElec   +          Harm     .   (no cloak)
rCorr   .          Rampage  .   (no gloves)
Will    .....                   (no boots)
Stlth   +.........              (no amulet)
HPRegen 0.13/turn               (no ring)
MPRegen 0.10/turn               (no ring)

@: on berserk cooldown, slowed, very slow
A: sickness immunity, AC +4, negative energy resistance 1, electricity
resistance, torment resistance 1, petrification resistance
a: Renounce Religion, Berserk, Trog's Hand


You were on level 4 of the Dungeon.
You worshipped Trog.
Trog was pleased with you.
You visited 1 branch of the dungeon, and saw 4 of its levels.

You collected 141 gold pieces.

Inventory:

Hand Weapons
 a - a +0 mace (weapon)
Armour
 f - a +0 ring mail (worn)
 l - a +0 helmet (worn)
 p - a +0 kite shield (worn)
Jewellery
 b - a ring of protection from fire
Scrolls
 c - 2 scrolls of immolation {unknown}
 e - a scroll of blinking {unknown}
 h - 4 scrolls of fog {unknown}
 i - 2 scrolls of teleportation {unknown}
 j - 2 scrolls of identify {unknown}
 k - a scroll of vulnerability {unknown}
 n - a scroll of enchant weapon {unknown}
 q - a scroll of holy word {unknown}
Potions
 g - 3 potions of degeneration {unknown}
 m - a potion of ambrosia {unknown}
 o - a potion of curing {unknown}
 r - a potion of might {unknown}


   Skills:
 + Level 4.3 Fighting
 + Level 4.8 Maces & Flails
 + Level 3.5 Armour
 + Level 2.3 Dodging
 + Level 0.6 Stealth
 + Level 0.3 Shields


You had 5 spell levels left.
You didn't know any spells.
Your spell library was empty.

Dungeon Overview and Level Annotations

Branches:
Dungeon (4/15)
 Temple: D:4-7

Altars:
Ashenzari

Annotations:
D:4 Dowan


Innate Abilities, Weirdness & Mutations

You are immune to sickness and miasma.
Your stone body is resilient. (AC +4)
You are immune to poison.
You resist negative energy. (rN+)
You are resistant to electric shocks. (rElec)
You are resistant to unholy torment.
You are immune to petrification.


Message History

You have reached level 6!
You feel a strong urge to attack something.
You are no longer berserk.
You are exhausted.
You feel yourself slow down.
Okay, then.
Dowan, Brother of Duvessa comes into view.
He is wielding a +0 dagger.
Dowan seems to find hidden reserves of power!
Dowan points at you and mumbles some strange words.
The stone arrow hits you.
Press: ? - help, v - describe, . - travel
Here: Dowan, wielding a +0 dagger and wearing a +0 robe (fast)
The floor.
What are your orders? t - Shout!
Orders for allies: a - Attack new target. r - Retreat! s - Stop attacking. g - Guard the area. f - Follow me.
Anything else - Cancel.
Okay, then.
Okay, then.
Throw: throwing net
Press: ? - help, Q - select action, (/) - cycle Shift-Dir - straight line, f - Dowan
Aim: Dowan, wielding a +0 dagger and wearing a +0 robe (fast, 46% to hit)
You throw a throwing net. The throwing net hits Dowan.
Dowan is caught in the net!
Dowan drinks a potion.
Dowan's spells are empowered!
Dowan struggles against the net. x2
Dowan struggles against the net. x2
The net rips apart, and Dowan comes free!
Dowan mumbles some strange words.
Dowan blinks!
You sock Dowan!
Dowan is heavily wounded.
Dowan casts a spell at you. The shard of ice hits you!
You block Dowan's attack. Dowan casts a spell at you.
The shard of ice hits you!!
Ouch! That really hurt!
You die...

#.##.####+####.### #
#.##.......)...# #
#..............# #
#.......§......#
#.......#.####### #####
#.......#.......# #....
#.......#.#####.# #.###
#.#.##.e#.# #.# ...#.##.)@.#
#.# #####.##.#### #####.###
#.##.# #........ .######.##.#
#..........
........##e##########........ .
##..).........##........
.e..####..#..........##........
......e..###.........##........
....##(.## ##........<#........


You could see Dowan (fast, empowered).

Vanquished Creatures
  Duvessa (D:4)
  4 adders
  4 gnolls (D:4)
  2 worms (D:2)
  3 dart slugs
  5 endoplasms
  2 giant cockroaches
  8 goblins
  2 hobgoblins
  9 jackals
  3 ball pythons
  5 bats
  6 kobolds
  4 rats
58 creatures vanquished.

Notes
Turn   | Place    | Note
-------+----------+-------------------------------------------
     0 | D:1      | theElss the Gargoyle Berserker began the quest for the Orb.
     0 | D:1      | Reached XP level 1. HP: 14/14 MP: 1/1
   236 | D:1      | Reached XP level 2. HP: 19/19 MP: 2/2
   922 | D:2      | Reached XP level 3. HP: 19/24 MP: 3/3
  1093 | D:2      | Reached ** piety under Trog
  1356 | D:2      | Found a faded altar of an unknown god.
  1363 | D:2      | Reached XP level 4. HP: 28/29 MP: 4/4
  2544 | D:3      | Found a broken altar of Ashenzari.
  2756 | D:4      | Reached XP level 5. HP: 10/33 MP: 5/5
  3240 | D:4      | Noticed Duvessa
  3265 | D:4      | Killed Duvessa
  3266 | D:4      | Reached XP level 6. HP: 38/39 MP: 6/6
  3272 | D:4      | Noticed Dowan
  3280 | D:4      | Killed from afar by Dowan

Illustrated notes

Levels and vault maps discovered:
D:1:      eino_arrival_tree_alley, layout_loops_ring
D:2:      layout_basic, dreamdust_ecumenical_altar_angels_and_demons
D:3:      layout_loops_ring, lemuel_crystal_altar
D:4:      layout_basic, zin_angel, nemelex_diamond_rough_becter, uniq_duvessa

Skill      XL: |  1  2  3  4  5 |
---------------+----------------+-----
Maces & Flails | 4 |  4.8
Dodging        | 2 |  2.3
Fighting       | 4 |  4.3
Armour         | 3 |  3.5
Stealth        | |  0.6
Shields        | |  0.3

Action                   |  1- 3 |  4- 6 || total
-------------------------+-------+-------++-------
Melee: Mace              |   104 |    95 ||   199
       Punch             |     2 |       ||     2
Throw: Throwing net      |       |     1 ||     1
Invok: Berserk           |       |     2 ||     2
Armor: Robe              |     5 |       ||     5
       Animal skin       |     4 |       ||     4
       Ring mail         |    39 |    56 ||    95
Dodge: Dodged            |    62 |    60 ||   122
Block: Kite shield       |       |    15 ||    15
